 Dungeon Crawl Stone Soup version 0.22-a0-409-gb855193 (webtiles) character file.

62323 Borgoz the Cleaver (level 15, -17/98 HPs)
             Began as a Gargoyle Fighter on May 10, 2018.
             Was an Elder of Ashenzari.
             Demolished by a dire elephant (22 damage)
             ... on level 3 of the Abyss.
             The game lasted 01:01:01 (23582 turns).

Borgoz the Cleaver (Gargoyle Fighter)              Turns: 23582, Time: 01:01:01

Health: -17/98     AC: 34    Str: 21    XL:     15   Next: 5%
Magic:  0/15       EV: 12    Int: 12    God:    Ashenzari [****..]
Gold:   361        SH: 12    Dex: 17    Spells: 14/14 levels left

rFire    + . .     SeeInvis +   a - +0 war axe (freeze)
rCold    . . .     Gourm    .   c - +0 shield
rNeg     + + .     Faith    .   O - +4 chain mail of the Evil One {+Blink rN+ MR++ Int+3 Stlth-} (curse)
rPois    ∞         Spirit   +   p - +1 hat
rElec    +         Reflect  .   (no cloak)
rCorr    .         Harm     .   P - +2 pair of gloves {Dex+3}
MR       +++..     Clarity  +   (no boots)
Stlth    ..........             R - amulet of guardian spirit (curse)
HPRegen  0.26/turn              A - +2 ring of protection
MPRegen  0.14/turn              q - ring of protection from fire (curse)

@: no status effects
A: big wings, negative energy resistance 1, electricity resistance, unbreathing,
petrification resistance, rot immunity, AC +11
a: Fly, Curse Item, Scrying, Renounce Religion, Evoke Blink


You were on level 3 of the Abyss.
You worshipped Ashenzari.
Ashenzari was greatly pleased with you.
You were hungry.

You visited 4 branches of the dungeon, and saw 19 of its levels.
You visited the Abyss 1 time.
You also visited: Labyrinth and Volcano.

You collected 2077 gold pieces.
You spent 1716 gold pieces at shops.

Inventory:

Hand Weapons
 a - a +0 war axe of freezing (weapon)
 b - a +0 whip of draining
 y - a +0 battleaxe of chopping
 N - a +0 hand axe of draining
Armour
 c - a +0 shield (worn)
 p - a +1 hat (worn)
 O - the cursed +4 chain mail of the Evil One (worn) {+Blink rN+ MR++ Int+3 Stlth-}
   (You bought it in a shop on level 2 of the Orcish Mines)

   It affects your intelligence (+3).
   It protects you from negative energy.
   It affects your resistance to hostile enchantments.
   It lets you blink.
   It makes you less stealthy.
   It has a curse placed upon it.
 P - a +2 pair of gloves of dexterity (worn)
Jewellery
 e - an uncursed ring of magical power
 i - the cursed ring of Bavattu {+Inv rN+ Int+2}
   (You acquired it on level 1 of the Lair of Beasts)

   [ring of positive energy]

   It affects your intelligence (+2).
   It protects you from negative energy.
   It lets you turn invisible.
   It has a curse placed upon it.
 q - a cursed ring of protection from fire (right hand)
 u - the cursed amulet of Yesterday {+Rage +Fly rPois}
   (You acquired it on level 14 of the Dungeon)

   [amulet of rage]

   It protects you from poison.
   It lets you fly.
   It lets you go berserk.
   It has a curse placed upon it.
 A - a +2 ring of protection (left hand)
 B - an uncursed ring of resist corrosion
 I - an uncursed ring of ice
 K - an uncursed ring of ice
 R - a cursed amulet of guardian spirit (around neck)
Wands
 h - a wand of disintegration (32)
 j - a wand of digging (13)
 t - a wand of acid (18)
 D - a wand of paralysis (46)
 F - a wand of iceblast (8)
Scrolls
 g - 9 scrolls of fear
 k - 2 scrolls of teleportation
 m - 6 scrolls of remove curse
 n - a scroll of enchant armour
 o - 3 scrolls of brand weapon
 v - a scroll of holy word
 G - 2 scrolls of blinking
 M - a scroll of identify
 S - 3 scrolls of magic mapping
Potions
 d - a potion of magic
 l - a potion of resistance
 s - a potion of curing
 H - 3 potions of lignification
Comestibles
 f - 28 rations
 r - a chunk of flesh


   Skills:
 + Level 13.0 Fighting
 * Level 14.8 Axes
 + Level 13.1 Armour
 + Level 7.7 Dodging
 - Level 10.4 Shields


You had 14 spell levels left.
You didn't know any spells.

Dungeon Overview and Level Annotations

Branches:
Dungeon (14/15)            Temple (1/1) D:4            Lair (2/6) D:8
    Orc (2/2) D:9             Elf (0/3) Orc:2
  Swamp: Lair:2-4    Shoals: Lair:2-4     Snake: Lair:2-4    Spider: Lair:2-4
 Vaults: D:13-14

Altars:
Ashenzari
Cheibriados
Dithmenos
Elyvilon
Fedhas
Gozag
Hepliaklqana
Kikubaaqudgha
Makhleb
Nemelex Xobeh
Okawaru
Qazlal
Ru
Sif Muna
Trog
Uskayaw
Vehumet
Wu Jian
Xom
Yredelemnul
Zin
The Shining One
Beogh

Shops:
Orc:2 *?[[

Annotations:
D:6 2 transporters


Innate Abilities, Weirdness & Mutations

You are resistant to torment.
Your stone body is resilient. (AC +11)
You are immune to poison.
Your large and strong wings let you fly indefinitely.
You resist negative energy. (rN+)
You are resistant to electric shocks. (rElec)
You can survive without breathing.
You are immune to petrification.
You are immune to rotting.


Message History

You slash the hellephant! You freeze the hellephant.
The hellephant is moderately wounded.
You hit the dire elephant but do no damage.
The hellephant breathes flames at you. The blast of flame hits you! You resist.
* * * LOW HITPOINT WARNING * * *
The dire elephant tramples you but does no damage.
The dire elephant trunk-slaps you but does no damage.
You closely miss the hellephant.
The hellephant is lightly wounded.
You closely miss the hellephant.
The hellephant is lightly wounded.
You slash the dire elephant! You freeze the dire elephant.
The hellephant blinks!
The dire elephant tramples you!!
* * * LOW HITPOINT WARNING * * *
You hold your ground!
The dire elephant trunk-slaps you but does no damage.
The dire elephant tramples you!!
You die...

' , *, , **,*,, # ,
, * , * *#.,, , #...
, * , {,{*. *## ##
.. , , , , ####. * .
#..#* .. ,* ,,,
##...###.## ... #, ,
, , #.....##.#....#
. # , ,, ,,
#.....#.# .##.. , ,*
#.....###.# .#. , ,
, ###Y@#..####..## .
. **
#..#Y......##*.§...
, , , #...#.≈.Y.≈≈
≈≈≈ . *, , ,
,#.#..§≈...≈≈≈≈≈≈≈≈≈
.. , ,,, ,
###..§...≈#########≈
. , , ####....≈## ≈≈
≈ ≈ * *......≈## {,,
, , , #....§≈## ,{
,8,,, ≈ , ,, ,
.###≈§§§{ . * ,


You could see a hellephant and 2 dire elephants.

Vanquished Creatures
  Rupert (D:14)
  Frances (D:12)
  Kirke (D:12)
  2 orc warlords
  A minotaur (Lab)
  Snorg (D:14)
  3 hydras
  Fannar (D:10)
  2 vault guards (D:14)
  3 centaur warriors
  4 two-headed ogres
  A death knight (D:13)
  5 orc high priests (Orc:2)
  An unseen horror (D:11)
  Pikel (D:4)
  7 orc knights (Orc:2)
  4 cyclopes
  4 orc sorcerers
  A manticore (D:14)
  An elephant (Abyss:3)
  2 ugly things
  Joseph (D:9)
  A molten gargoyle (Volcano)
  A spiny frog (Lair:1)
  2 efreet (Volcano)
  A centaur skeleton (D:11)
  2 kobold demonologists (D:13)
  A yaktaur (D:14)
  4 komodo dragons (Lair:1)
  A queen bee (D:9)
  A tengu conjurer (D:14)
  9 trolls
  A minotaur skeleton (Lab)
  3 blink frogs (Lair:1)
  4 hornets
  4 hippogriffs
  A tarantella (shapeshifter) (D:14)
  4 wyverns
  3 hogs
  27 yaks
  2 wraiths
  3 fire elementals (Volcano)
  5 humans (D:7)
  5 hungry ghosts
  A basilisk (Lair:1)
  Edmund (D:5)
  Menkaure (D:6)
  An acid dragon (D:13)
  4 wargs
  Duvessa (D:6)
  A water moccasin (Lair:1)
  48 orc warriors
  A porcupine (Lair:1)
  5 sky beasts
  4 ice beasts
  3 black bears
  4 phantoms
  14 ogres
  6 wolves (Lair:1)
  2 crocodiles (Lair:1)
  22 centaurs
  6 big kobolds
  10 bullfrogs
  2 earth elementals (Volcano)
  A wyvern skeleton (D:13)
  15 killer bees (D:9)
  Dowan (D:6)
  4 scorpions
  2 bullfrog zombies
  5 crimson imps
  2 centaur zombies
  3 jellies
  17 hounds
  35 orc priests
  19 orc wizards
  3 iguanas
  Jessica (D:8)
  6 bullfrog skeletons
  14 worker ants
  2 worker ant zombies
  5 gnolls
  A howler monkey skeleton (D:11)
  11 adders
  2 shadow imps
  An ooze (D:5)
  An adder zombie (D:9)
  3 worms
  3 dart slugs
  9 leopard geckos
  130 orcs
  11 giant cockroaches
  5 hobgoblins
  15 jackals
  3 quokkas
  9 bats
  6 frilled lizards
  2 goblins (D:2)
  A jackal skeleton (D:4)
  23 kobolds
  4 rats
  A spectral orc (D:7)
  A fire vortex (Volcano)
  5 fungi (D:8)
652 creatures vanquished.

Vanquished Creatures (others)
  A human (D:13)
  A crimson imp (D:5)
  A worker ant (D:5)
  2 gnolls (D:5)
  An orc (Orc:1)
  4 fungi (Lair:1)
10 creatures vanquished.

Grand Total: 662 creatures vanquished

Notes
Turn   | Place    | Note
-------+----------+-------------------------------------------
     0 | D:1      | Borgoz the Gargoyle Fighter began the quest for the Orb.
     0 | D:1      | Reached XP level 1. HP: 14/14 MP: 1/1
    98 | D:1      | Reached skill level 2 in Axes
   126 | D:1      | Reached XP level 2. HP: 14/19 MP: 2/2
   525 | D:2      | Reached XP level 3. HP: 23/23 MP: 3/3
   605 | D:2      | Found a sacrificial altar of Ru.
   607 | D:2      | Found a glowing golden altar of the Shining One.
   609 | D:2      | Found a stormy altar of Qazlal.
   675 | D:2      | Found an ornate altar of the Wu Jian Council.
  1244 | D:3      | Reached XP level 4. HP: 23/29 MP: 4/4
  1430 | D:3      | Reached skill level 3 in Axes
  1740 | D:4      | Found an iron altar of Okawaru.
  1804 | D:4      | Found a staircase to the Ecumenical Temple.
  1809 | D:4      | Reached XP level 5. HP: 29/33 MP: 5/5
  1819 | Temple   | Entered the Ecumenical Temple
  2166 | D:4      | Noticed an ogre
  2172 | D:4      | Killed an ogre
  2172 | D:4      | Reached XP level 6. HP: 39/39 MP: 6/6
  2385 | D:4      | Found a hazy altar of Hepliaklqana.
  2423 | D:4      | Found a white marble altar of Elyvilon.
  2513 | D:4      | Found a shattered altar of Ashenzari.
  2513 | D:4      | Found a burning altar of Makhleb.
  2538 | D:4      | Became a worshipper of Ashenzari the Shackled
  2582 | D:3      | Found a shadowy altar of Dithmenos.
  2621 | D:5      | Entered Level 5 of the Dungeon
  2626 | D:5      | Reached skill level 4 in Axes
  2763 | D:5      | Noticed an ice beast
  2821 | D:4      | Killed an ice beast
  3020 | D:4      | Reached skill level 8 in Axes
  3020 | D:4      | Reached XP level 7. HP: 48/48 MP: 7/7
  3021 | D:4      | Reached skill level 9 in Axes
  3021 | D:4      | Reached XP level 8. HP: 56/56 MP: 8/8
  3067 | D:5      | Noticed Edmund
  3072 | D:5      | Reached skill level 10 in Axes
  3085 | D:5      | Reached XP level 9. HP: 41/60 MP: 9/9
  3110 | D:5      | Killed Edmund
  3520 | D:5      | Found a snail-covered altar of Cheibriados.
  3540 | D:5      | Noticed Pikel
  3698 | D:4      | Killed Pikel
  3786 | D:5      | Found a shimmering altar of Xom.
  3932 | D:6      | Noticed a two-headed ogre
  3944 | D:6      | Killed a two-headed ogre
  3944 | D:6      | Reached skill level 1 in Dodging
  3944 | D:6      | Reached XP level 10. HP: 19/66 MP: 10/10
  4197 | D:6      | Noticed Menkaure
  4204 | D:6      | Killed Menkaure
  4682 | D:6      | HP: 1/66 [orc priest/divine providence (11)]
  4698 | D:6      | Noticed a two-headed ogre
  4766 | D:6      | Noticed a harpy
  4766 | D:6      | a blink frog changed into a harpy
  4944 | D:6      | Noticed a guardian serpent
  4947 | D:6      | Found a transporter.
  4947 | D:6      | Found an opulent altar of Gozag.
  4954 | D:6      | a guardian serpent changed into a dream sheep
  4960 | D:6      | Reached * piety under Ashenzari
  4963 | D:6      | Found a transporter.
  4963 | D:6      | Noticed a fire crab
  4985 | D:6      | a fire crab changed into a tarantella
  5163 | D:6      | Noticed Dowan
  5171 | D:6      | Killed Dowan
  5172 | D:6      | Noticed Duvessa
  5184 | D:6      | Killed Duvessa
  6292 | D:7      | Found a basalt altar of Yredelemnul.
  6722 | D:8      | Found a sparkling altar of Nemelex Xobeh.
  6722 | D:8      | Noticed Jessica
  6731 | D:8      | Killed Jessica
  6753 | D:8      | Found a staircase to the Lair.
  6792 | Lair:1   | Entered Level 1 of the Lair of Beasts
  6802 | Lair:1   | Identified a scroll of acquirement
  6802 | Lair:1   | Identified the cursed ring of Bavattu {+Inv rN+ Int+2} (You acquired it on level 1 of the Lair of Beasts)
  6812 | Lair:1   | Noticed an eight-headed hydra
  6827 | Lair:1   | Killed an eight-headed hydra
  6827 | Lair:1   | Reached XP level 11. HP: 28/72 MP: 11/11
  7123 | Lair:1   | Found a dark tunnel.
  7128 | Volcano  | Entered a volcano
  7180 | Volcano  | Reached skill level 11 in Axes
  7770 | Volcano  | Noticed a lindwurm
  7770 | Volcano  | Noticed a lindwurm
  7971 | Lair:1   | Reached skill level 10 in Fighting
  8337 | Lair:1   | Reached skill level 10 in Armour
  8574 | Lair:1   | Reached skill level 10 in Shields
  9316 | Lair:1   | Reached ** piety under Ashenzari
  9564 | Lair:2   | Noticed a seven-headed hydra
 10160 | D:8      | Reached XP level 12. HP: 69/78 MP: 12/12
 11057 | D:9      | Found a roughly hewn altar of Beogh.
 11057 | D:9      | Found a staircase to the Orcish Mines.
 11347 | D:9      | Noticed Joseph
 11380 | D:9      | Killed Joseph
 11815 | D:9      | Reached skill level 12 in Axes
 12529 | D:10     | Entered Level 10 of the Dungeon
 12595 | D:10     | Noticed Fannar
 12621 | D:10     | Killed Fannar
 13122 | D:10     | Found a roughly hewn altar of Beogh.
 13376 | D:11     | Noticed a centaur warrior
 13389 | D:11     | Killed a centaur warrior
 13488 | D:11     | Found a labyrinth entrance.
 13503 | Lab      | Entered a labyrinth
 13909 | Lab      | Noticed a minotaur
 13921 | Lab      | Killed a minotaur
 13921 | Lab      | Reached skill level 5 in Dodging
 14241 | D:11     | Reached XP level 13. HP: 75/84 MP: 13/13
 15702 | D:12     | Reached skill level 13 in Axes
 15925 | D:13     | Reached *** piety under Ashenzari
 15959 | D:13     | Noticed Frances
 16162 | D:13     | Noticed Kirke
 16382 | D:12     | Noticed a sphinx
 16400 | D:12     | Noticed a sphinx
 16469 | D:12     | Noticed a sphinx
 16578 | D:12     | Killed Kirke
 16867 | Orc:1    | Entered Level 1 of the Orcish Mines
 17126 | Orc:1    | Found a burning altar of Makhleb.
 17649 | Orc:2    | Entered Level 2 of the Orcish Mines
 17809 | Orc:2    | Noticed an orc warlord
 18270 | D:9      | Killed an orc warlord
 18548 | Orc:2    | Found a staircase to the Elven Halls.
 18606 | Orc:2    | Noticed an orc warlord
 18686 | Orc:1    | Gained mutation: Your large and strong wings let you fly indefinitely. [Gargoyle growth]
 18686 | Orc:1    | Reached XP level 14. HP: 55/92 MP: 14/14
 18882 | Orc:1    | Killed an orc warlord
 20345 | Orc:2    | Reached skill level 14 in Axes
 21376 | Orc:2    | Found Eklo Waar's Antique Armour Shoppe.
 21376 | Orc:2    | Found Vusif's Assorted Antiques.
 21377 | Orc:2    | Found Tuys's Antique Armour Emporium.
 21377 | Orc:2    | Found Bathi's Magic Scroll Shoppe.
 21389 | Orc:2    | Bought a bronze chain mail for 275 gold pieces
 21389 | Orc:2    | Bought a dazzling chain mail for 275 gold pieces
 21389 | Orc:2    | Bought a pair of runed gloves for 217 gold pieces
 21392 | Orc:2    | Bought a dented bronze amulet for 180 gold pieces
 21392 | Orc:2    | Bought a glowing beryl amulet for 180 gold pieces
 21392 | Orc:2    | Bought a scroll of magic mapping for 126 gold pieces
 21392 | Orc:2    | Bought 2 potions of might for 288 gold pieces
 21393 | Orc:2    | Bought a scroll of teleportation for 39 gold pieces
 21393 | Orc:2    | Bought a scroll of remove curse for 39 gold pieces
 21393 | Orc:2    | Bought a scroll of blinking for 97 gold pieces
 21454 | Orc:2    | Identified the +4 chain mail of the Evil One {+Blink rN+ MR++ Int+3 Stlth-} (You bought it in a shop on level 2 of the Orcish Mines)
 21456 | Orc:2    | Identified the +6 chain mail "Kody" {Regen+ Dex+3} (You bought it in a shop on level 2 of the Orcish Mines)
 21697 | D:12     | Killed Frances
 22746 | D:14     | Noticed Snorg
 22762 | D:14     | Killed Snorg
 22815 | D:14     | Reached **** piety under Ashenzari
 23247 | D:14     | Noticed Rupert
 23257 | D:14     | Killed Rupert
 23322 | D:14     | Identified the cursed amulet of Yesterday {+Rage +Fly rPois} (You acquired it on level 14 of the Dungeon)
 23383 | D:14     | Reached XP level 15. HP: 78/98 MP: 10/15
 23493 | D:14     | Cast into level 3 of the Abyss (orc sorcerer)
 23559 | Abyss:3  | Noticed a yellow draconian shifter
 23562 | Abyss:3  | Noticed a hellephant
 23582 | Abyss:3  | Demolished by a dire elephant

Vault maps used:
D:1:      roderic_dead_forest
D:2:      grunt_temple_overflow_open, overflow_temple_1_default, first_ration
D:3:      nicolae_overflow_hidden_temple, minivault_19
D:4:      elyvilon_altar_4, kennysheep_mini_moat, lemuel_doored_altar,
          chequers_temple_overflow_statue_of_worship,
          minmay_temple_entry_butterflies
D:5:      kennysheep_slug_shrine, minmay_misc_feat_diagonals,
          grunt_ministairs_11, corexii_item_surrounded_by_moat, led_xom_imps,
          uniq_pikel, uniq_edmund
D:6:      gammafunk_temple_overflow_arena, uniq_duvessa, uniq_menkaure
D:7:      wad_crossroads, yredelemnul_forgotten_temple_becter, minmay_ruffians
D:8:      dpeg_oklobed_lair, nemelex_lonely_heart_becter
D:9:      david_orc_5, david_nohive_1, dk_noncrumbling_2, uniq_joseph
D:10:     special_room, uniq_fannar
D:11:     lab_entry_generic
D:13:     kennysheep_cluttered_room, uniq_kirke, uniq_frances
D:14:     grunt_vaults_entry_fortified, minivault_4, uniq_rupert, uniq_snorg
Temple:   compressed_dpeg_triangle_lava_temple
Lair:1:   enter_volcano_4, lemuel_fruit_tree
Lair:2:   swamp_mist_pool, serial_bayou_shore_b, lemuel_fruit_fields,
          uniq_harold
Orc:1:    basic_altar, mines4_lemuel
Orc:2:    st_orc_pillars
Abyss:3:  doesnt_abyss_rune_brain_food
Lab:      labyrinth_watery, nicolae_lab_hexagon
Volcano:  volcano_aerie

Skill      XL: |  1  2  3  4  5  6  7  8  9 10 11 12 13 14 |
---------------+-------------------------------------------+-----
Axes           | 2 3 8 9 10 11 12 13 14 | 14.8
Fighting       | 4 7 9 10 11 12 13 | 13.0
Armour         | 4 7 8 9 10 11 12 13 | 13.1
Shields        | 4 7 8 9 10 | 10.4
Dodging        | 1 2 3 5 6 7 |  7.7

Action                   |  1- 3 |  4- 6 |  7- 9 | 10-12 | 13-15 || total
-------------------------+-------+-------+-------+-------+-------++-------
Melee: War axe           |   162 |    93 |   171 |  1052 |   570 ||  2048
       Unarmed           |       |       |     4 |       |       ||     4
       Whip              |       |       |       |    23 |    33 ||    56
       Battleaxe         |       |       |       |   150 |       ||   150
       Hand axe          |       |       |       |       |   908 ||   908
Invok: Curse Item        |       |     1 |       |       |     2 ||     3
Evoke: Wand              |       |       |     2 |       |       ||     2
  Use: Potion            |       |     3 |     2 |    16 |     5 ||    26
       Scroll            |       |     5 |       |    18 |    11 ||    34
 Stab: Invisible         |       |       |     1 |       |       ||     1
  Eat: Chunk             |     1 |     6 |     3 |    31 |    34 ||    75
       Ration            |       |       |       |     3 |       ||     3
Armor: Scale mail        |   103 |    54 |    64 |   527 |   290 ||  1038
       Skin              |       |    10 |       |       |       ||    10
       Chain mail        |       |       |       |       |   178 ||   178
Dodge: Dodged            |    64 |    41 |    59 |   497 |   432 ||  1093
Block: Shield            |   114 |    57 |    90 |   553 |   684 ||  1498

Table legend:
 A = Spawn XP
 B = Non-spawn XP
 C = Spawn XP percentage of total XP
 D = Spawn monster count
 E = Non-spawn monster count
 F = Spawn count percentage of total count
 G = Total turns spent on level
                    A         B        C        D         E        F      G
               +---------+---------+-------+---------+---------+-------+---------
         Total |       0 |   87374 |   0.0 |       0 |     646 |   0.0 | 23582
               +---------+---------+-------+---------+---------+-------+---------
           D:1 |       0 |      33 |   0.0 |       0 |      19 |   0.0 |   522
           D:2 |       0 |      18 |   0.0 |       0 |       9 |   0.0 |   502
           D:3 |       0 |     105 |   0.0 |       0 |      27 |   0.0 |   681
           D:4 |       0 |     991 |   0.0 |       0 |      13 |   0.0 |   994
           D:5 |       0 |     853 |   0.0 |       0 |      35 |   0.0 |   898
           D:6 |       0 |    1896 |   0.0 |       0 |      27 |   0.0 |  1308
           D:7 |       0 |    2323 |   0.0 |       0 |      36 |   0.0 |  1396
           D:8 |       0 |    2024 |   0.0 |       0 |      26 |   0.0 |  1321
           D:9 |       0 |    8076 |   0.0 |       0 |      80 |   0.0 |  2054
          D:10 |       0 |    2686 |   0.0 |       0 |      44 |   0.0 |   881
          D:11 |       0 |    4918 |   0.0 |       0 |      29 |   0.0 |  1099
          D:12 |       0 |   10514 |   0.0 |       0 |      40 |   0.0 |  1695
          D:13 |       0 |   10008 |   0.0 |       0 |      48 |   0.0 |  1343
          D:14 |       0 |   12022 |   0.0 |       0 |      22 |   0.0 |   756
        Lair:1 |       0 |    7128 |   0.0 |       0 |      32 |   0.0 |  2368
         Orc:1 |       0 |    4978 |   0.0 |       0 |      45 |   0.0 |  1487
         Orc:2 |       0 |   14644 |   0.0 |       0 |     102 |   0.0 |  2699
       Abyss:3 |       0 |     532 |   0.0 |       0 |       1 |   0.0 |    89
           Lab |       0 |    1718 |   0.0 |       0 |       3 |   0.0 |   427
       Volcano |       0 |    1907 |   0.0 |       0 |       8 |   0.0 |   664
               +---------+---------+-------+---------+---------+-------+---------
